 Dungeon Crawl Stone Soup version 0.29.1-debian-4-g95531337e3 (webtiles) character file.

Game seed: 7649667858966044577

7456 Malachi the Marksghoul (level 11, -2/79 HPs)
             Began as a Ghoul Hunter on Sept 13, 2022.
             Was an Elder of Okawaru.
             Slain by a troll (8 damage)
             ... on level 10 of the Dungeon.
             The game lasted 00:14:06 (10239 turns).

Malachi the Marksghoul (Ghoul Hunter)              Turns: 10239, Time: 00:14:07

Health: -2/79      AC:  8    Str: 18    XL:     11   Next: 15%
Magic:  10/10      EV: 12    Int:  4    God:    Okawaru [****..]
Gold:   508        SH:  0    Dex: 22    Spells: 10/10 levels left

rFire   + + .      SeeInvis .   L - +1 double sword (vamp)
rCold   + . .      Faith    .   (no shield)
rNeg    + + +      Spirit   .   r - +4 robe of the Charming Gods {rF+ Str+2}
rPois   ∞          Reflect  .   D - +0 hat
rElec   .          Harm     .   (no cloak)
rCorr   .          Rampage  .   (no gloves)
Will    .....                   e - +1 pair of boots
Stlth   ++........              (no amulet)
HPRegen 0.00/turn               f - ring of protection from fire
MPRegen 0.12/turn               G - +6 ring of dexterity

@: inhibited regen
A: claws 1, cold resistance 1, negative energy resistance 3, inhibited
regeneration, torment resistance 2, devour on kill
a: Renounce Religion, Heroism, Finesse


You were on level 10 of the Dungeon.
You worshipped Okawaru.
Okawaru was greatly pleased with you.
You visited 1 branch of the dungeon, and saw 10 of its levels.

You collected 508 gold pieces.

Inventory:

Hand Weapons
 d - a +2 longbow of flaming
 J - the +7 long sword "Ehud" {freeze, Fly rN++ Str+2}
   (You found it on level 7 of the Dungeon)

   It freezes those it strikes, dealing additional cold damage.
   It can also slow down cold-blooded creatures.
   Str:       It affects your strength (+2).
   rN:        It greatly protects you from negative energy.
   Fly:       It grants you flight.
 L - a +1 vampiric double sword (weapon)
 N - a +0 triple sword
Missiles
 c - 4 throwing nets
Armour
 e - a +1 pair of boots (worn)
 j - a +4 plate armour
 r - the +4 robe of the Charming Gods (worn) {rF+ Str+2}
   (You found it on level 2 of the Dungeon)

   Str:       It affects your strength (+2).
   rF:        It protects you from fire.
 D - a +0 hat (worn)
Jewellery
 f - a ring of protection from fire (left claw)
 l - an amulet of magic regeneration
 t - a ring of wizardry
 A - a +6 ring of intelligence
 F - a ring of flight
 G - a +6 ring of dexterity (right claw)
 K - a +4 ring of evasion
 M - a ring of magical power
Wands
 m - a wand of flame (10)
 y - a wand of roots (17)
 H - a wand of mindburst (12)
Scrolls
 b - a scroll of immolation
 g - a scroll of brand weapon
 h - 4 scrolls of teleportation
 o - 2 scrolls of torment
 q - a scroll of amnesia
 z - a scroll of noise
 C - a scroll of summoning
 O - a scroll of poison
Potions
 a - a potion of haste
 i - a potion of resistance
 k - 5 potions of curing
 n - 2 potions of attraction
 p - 4 potions of heal wounds
 s - 2 potions of brilliance {unknown}
 u - a potion of berserk rage {unknown}
 v - 3 potions of magic {unknown}
 w - a potion of flight {unknown}
 x - 2 potions of lignification {unknown}
 B - 2 potions of ambrosia {unknown}
 E - 2 potions of invisibility {unknown}
 I - a potion of might {unknown}


   Skills:
 - Level 2.1 Fighting
 + Level 1.4 Long Blades
 - Level 15.5 Ranged Weapons
 - Level 1.7 Dodging
 - Level 1.1 Stealth


You had 10 spell levels left.
You didn't know any spells.
Your spell library contained the following spells:

 Spells                   Type           Power      Damage    Failure   Level
 Magic Dart               Conj           0%         1d3       50%         1
 Cigotuvi's Dreadful Rot  Necr/Pois/Air  0%         N/A       65%         2
 Ensorcelled Hibernation  Hex/Ice        0%         N/A       65%         2
 Passwall                 Tmut/Erth      0%         N/A       65%         2
 Searing Ray              Conj           0%         2d4       65%         2
 Inner Flame              Hex/Fire       0%         N/A       86%         3
 Swiftness                Air            0%         N/A       86%         3
 Cause Fear               Hex            0%         N/A       99%         4
 Dispel Undead            Necr           0%         3d6       99%         4
 Fulminant Prism          Conj/Hex       0%         3d6       99%         4
 Discord                  Hex            0%         N/A       100%        8
 Death Channel            Necr           Unusable   N/A       N/A         6

Dungeon Overview and Level Annotations

Branches:
Dungeon (10/15)            Temple (0/1) D:7
   Lair: D:8-11         Orc: D:9-12

Altars:
Cheibriados
Fedhas
Gozag
Hepliaklqana
Kikubaaqudgha
Nemelex Xobeh
Okawaru
Vehumet
Wu Jian
Xom
Yredelemnul

Shops:
D:8 !

Annotations:
D:5 1 runed translucent door, Nattfarinn's ghost, novice GnWn


Innate Abilities, Weirdness & Mutations

You are immune to poison.
You have sharp fingernails.
Your flesh is cold resistant. (rC+)
You are immune to negative energy. (rN+++)
You do not regenerate when monsters are visible.
You are immune to unholy pain and torment.
You thrive by killing the living.


Message History

The troll shouts!
Found 20 gold pieces.
You hit the troll.
The troll is lightly wounded.
The troll bites you. The troll claws you but does no damage.
The troll claws you.
You slash the troll!
You feel better.
The troll is moderately wounded.
The troll misses you. The troll claws you. The troll completely misses you. x2
The troll barely misses you. The troll claws you.
You slash the troll!
You feel better.
The troll is heavily wounded.
The troll closely misses you. The troll claws you.
The troll claws you but does no damage.
You closely miss the troll.
The troll is heavily wounded.
The troll bites you. The troll claws you. x2
You closely miss the troll.
The troll is heavily wounded.
The troll barely misses you. The troll claws you!
The troll completely misses you. The troll bites you! The troll claws you!
* * * LOW HITPOINT WARNING * * *
The troll barely misses you.
You are too injured to fight recklessly!
You are too injured to fight recklessly!
You are too injured to fight recklessly!
You hit the troll.
You feel better.
The troll is heavily wounded.
The troll misses you. The troll claws you but does no damage.
The troll claws you!
* * * LOW HITPOINT WARNING * * *
You slash the troll!
You feel better.
The troll is severely wounded.
The troll bites you but does no damage. The troll misses you.
The troll claws you.
* * * LOW HITPOINT WARNING * * *
The troll barely misses you. The troll claws you!
* * * LOW HITPOINT WARNING * * *
The troll claws you!
You die...

###.#########.....
#.....$#.###........###
......#...#........'..
.....#...#........#..
....#...'........#..
...#####........###
#.....#####........
#.T...#...#........
+.@...#...#........
#.....#...#........
#.....#...#........
#.....#...#........
###.....#...#........
........#...#........
.........###'#........
................##+###
................#


You could see a troll.

Vanquished Creatures
  A two-headed ogre (D:8)
  A flayed ghost (D:8)
  A shadow (D:8)
  4 wraiths (D:8)
  2 wyverns
  16 fire bats (D:8)
  A steam dragon (D:7)
  A water moccasin (D:6)
  An orc warrior (D:8)
  An ice beast (D:7)
  An ogre (D:6)
  A centaur (D:6)
  3 phantoms
  A kobold brigand (D:9)
  4 bullfrogs
  2 necrophages
  3 scorpions
  15 wights
  A howler monkey (D:7)
  A hound (D:5)
  A jelly (D:6)
  3 orc priests
  An iron imp (D:6)
  A gnoll bouda (D:7)
  5 iguanas
  2 orc wizards
  19 gnolls
  5 adders
  3 white imps
  An ufetubus (D:3)
  A worm (D:2)
  2 dart slugs
  27 orcs
  6 ball pythons
  8 endoplasms
  4 giant cockroaches
  9 hobgoblins
  3 jackals (D:2)
  11 kobolds
  3 quokkas
  68 bats
  3 frilled lizards
  4 goblins
  3 rats
254 creatures vanquished.

Notes
Turn   | Place    | Note
-------+----------+-------------------------------------------
     0 | D:1      | Malachi the Ghoul Hunter began the quest for the Orb.
     0 | D:1      | Reached XP level 1. HP: 17/17 MP: 0/0
   144 | D:1      | Reached skill level 4 in Ranged Weapons
   144 | D:1      | Reached XP level 2. HP: 24/24 MP: 1/1
   496 | D:1      | Found a faded altar of an unknown god.
   766 | D:2      | Reached XP level 3. HP: 29/29 MP: 2/2
   880 | D:2      | Identified the +4 robe of the Charming Gods {rF+ Str+2}
  1179 | D:2      | Reached skill level 5 in Ranged Weapons
  1179 | D:2      | Reached XP level 4. HP: 34/36 MP: 3/3
  1676 | D:3      | Reached XP level 5. HP: 34/41 MP: 4/4
  1983 | D:3      | Found an opulent altar of Gozag.
  2034 | D:3      | Found an iron altar of Okawaru.
  2482 | D:3      | Reached skill level 6 in Ranged Weapons
  2577 | D:3      | Identified a scroll of acquirement
  2577 | D:3      | Acquired a +1 longbow of freezing
  2912 | D:4      | Reached XP level 6. HP: 45/48 MP: 5/5
  3315 | D:5      | Entered Level 5 of the Dungeon
  3511 | D:5      | Reached skill level 7 in Ranged Weapons
  3511 | D:5      | Found a runed translucent door.
  3512 | D:5      | Noticed Nattfarinn's ghost (novice GnWn)
  3512 | D:5      | Noticed an acid dragon
  3533 | D:5      | Reached XP level 7. HP: 55/55 MP: 6/6
  3865 | D:5      | Identified the +12 hand axe of the Unkillable {vorpal,
                  | Int+3}
  3919 | D:5      | Reached skill level 8 in Ranged Weapons
  4197 | D:5      | Found an ornate altar of the Wu Jian Council.
  4345 | D:3      | Became a worshipper of Warmaster Okawaru
  4668 | D:6      | Reached XP level 8. HP: 58/61 MP: 7/7
  4672 | D:6      | Reached skill level 9 in Ranged Weapons
  4699 | D:6      | Reached * piety under Okawaru
  5106 | D:6      | Found a radiant altar of Vehumet.
  5139 | D:6      | Found a basalt altar of Yredelemnul.
  5345 | D:6      | Found a shimmering altar of Xom.
  5478 | D:6      | Found a snail-covered altar of Cheibriados.
  5487 | D:6      | Reached skill level 10 in Ranged Weapons
  5723 | D:7      | Identified the +7 long sword "Ehud" {freeze, Fly rN++
                  | Str+2}
  5755 | D:7      | Found a hazy altar of Hepliaklqana.
  5769 | D:7      | Found a staircase to the Ecumenical Temple.
  5965 | D:7      | Reached XP level 9. HP: 67/67 MP: 8/8
  5966 | D:7      | Reached skill level 11 in Ranged Weapons
  5975 | D:7      | Reached ** piety under Okawaru
  6151 | D:7      | Found a sparkling altar of Nemelex Xobeh.
  6280 | D:8      | Found Feegauxyb's Distillery.
  6320 | D:8      | Noticed a two-headed ogre
  6328 | D:7      | Reached skill level 12 in Ranged Weapons
  6836 | D:8      | Reached *** piety under Okawaru
  6881 | D:8      | Killed a two-headed ogre
  6882 | D:8      | Reached skill level 13 in Ranged Weapons
  6882 | D:8      | Reached XP level 10. HP: 70/73 MP: 9/9
  6905 | D:8      | Noticed a cyclops
  7536 | D:8      | Found a runed translucent door.
  7610 | D:8      | Found an ornate altar of the Wu Jian Council.
  7642 | D:8      | Reached **** piety under Okawaru
  7648 | D:8      | Reached skill level 14 in Ranged Weapons
  7812 | D:8      | Found a blossoming altar of Fedhas.
  8028 | D:8      | Found a basalt altar of Yredelemnul.
  8265 | D:8      | Found a sparkling altar of Nemelex Xobeh.
  8400 | D:8      | Found an ancient bone altar of Kikubaaqudgha.
  8411 | D:8      | Reached skill level 15 in Ranged Weapons
  8476 | D:8      | Reached XP level 11. HP: 58/79 MP: 10/10
  8576 | D:8      | Noticed a flayed ghost
  8708 | D:8      | Killed a flayed ghost
  9571 | D:9      | Reached skill level 1 in Long Blades
 10036 | D:10     | Entered Level 10 of the Dungeon
 10239 | D:10     | Slain by a troll

Illustrated notes

Levels and vault maps discovered:
D:1:      giann_forest_graveyard, layout_basic, basic_ecumenical_altar
D:2:      layout_basic
D:3:      layout_rooms, grunt_temple_overflow_gold_and_silver,
          mainiacjoe_overflow_tiny_flanked
D:4:      layout_rooms, dreamdust_wishing_well
D:5:      layout_rooms, nzn_wu_jian_council_hall, ebering_ghost_inner_flame,
          serial_co_window_serial, co_window_paths_b, co_window_paths_b,
          co_window_paths_a, co_window_corner_a, co_window_corner_a,
          co_window_corner_ca, co_window_2corner, co_window_unsneaky_path_a,
          co_window_corner_b, glass_columns_a
D:6:      layout_rooms, kennysheep_little_box, chei_slow_surprise,
          nicolae_overflow_hidden_temple
D:7:      layout_gridville, mainiacjoe_overflow_catch_the_wave,
          minmay_temple_entry_junction_2
D:8:      due_megacathedral, layout_cave_pools, serial_shops, shop_fountains,
          chequers_serial_rivers_small_3
D:9:      layout_roguey
D:10:     layout_gridville, trog_antimagical, nicolae_shop_sticking_my_neck_out

Skill      XL: |  1  2  3  4  5  6  7  8  9 10 11 |
---------------+----------------------------------+-----
Ranged Weapons | 4 5 6 7 8 10 13 15 | 15.5
Long Blades    | 1 |  1.4
Fighting       | |  2.1
Dodging        | |  1.7
Stealth        | |  1.1

Action                   |  1- 3 |  4- 6 |  7- 9 | 10-12 || total
-------------------------+-------+-------+-------+-------++-------
Melee: Double sword      |       |       |       |    39 ||    39
 Fire: Shortbow          |   105 |   106 |       |       ||   211
       Longbow           |       |    56 |   181 |   264 ||   501
Invok: Heroism           |       |       |       |     1 ||     1
  Use: Scroll            |       |    12 |       |     4 ||    16
       Potion            |       |     1 |     1 |       ||     2
Armor: Leather armour    |    18 |     1 |       |       ||    19
       Robe              |       |    27 |    22 |   175 ||   224
Dodge: Dodged            |    34 |    67 |    39 |   295 ||   435
